TOP OF THE 1ST |
Phoenix Hotspur Reserves batting - Pitching for Tremont Doubledays : RHP Jim Unknown
|
Pitching: RHP Jim Unknown
|
|
Batting: SHB Roberto López
|
0-0: Ball 1-0: SINGLE (Line Drive, 4MD)
|
Batting: LHB Alberto Torres
|
0-0: Called Strike Roberto López is caught stealing 2nd base 0-1: Ball 1-1: Ball 2-1: Swinging Strike 2-2: Ball 3-2: SINGLE (Groundball, 34D)
|
Batting: RHB Paul Campbell
|
0-0: Ball 1-0: Called Strike 1-1: Ball 2-1: Foul Ball, location: 2F 2-2: Ball 3-2: Reached on error, E6 (Groundball, 6) Alberto Torres to second
|
Batting: LHB Dave Wynn
|
0-0: Foul Ball, location: 2F 0-1: Swinging Strike 0-2: Strikes out swinging
|
Batting: RHB José Bocanegra
|
0-0: Ball 1-0: Reached on error, E6 (Groundball, 6) Alberto Torres to third Paul Campbell to second
|
Batting: LHB Edgardo Téllez
|
0-0: Called Strike 0-1: Ball 1-1: Ball 2-1: Foul Ball, location: 2F 2-2: SINGLE (Line Drive, 9S) Alberto Torres scores Paul Campbell to third José Bocanegra to second
|
Batting: RHB Greg Griffin
|
0-0: Ball 1-0: Called Strike 1-1: Called Strike 1-2: Strikes out swinging
|
Top of the 1st over - 1 run(s), 3 hit(s), 2 error(s), 3 left on base; Phoenix 1 - Tremont 0 |
BOTTOM OF THE 1ST |
Tremont Doubledays batting - Pitching for Phoenix Hotspur Reserves : LHP José Granados
|
Pitching: LHP José Granados
|
|
Batting: LHB Scott Britt
|
0-0: Ball 1-0: Fly out, F5 (Line Drive, 56)
|
Batting: RHB Jim Unknown
|
0-0: Foul Ball, location: 2F 0-1: Foul Ball, location: 2F 0-2: Ground out 1-3 (Groundball, 15)
|
Batting: RHB Kazunori Ito
|
0-0: Ball 1-0: Called Strike 1-1: Foul Ball, location: 2F 1-2: Foul Ball, location: 2F 1-2: Strikes out looking
|
Bottom of the 1st over - 0 run(s), 0 hit(s), 0 error(s), 0 left on base; Phoenix 1 - Tremont 0 |
TOP OF THE 2ND |
Phoenix Hotspur Reserves batting - Pitching for Tremont Doubledays : RHP Jim Unknown
|
Batting: RHB Jaime Chavarriaga
|
0-0: SINGLE (Line Drive, 34)
|
Batting: SHB John Jenkins
|
0-0: Called Strike 0-1: Hit by Pitch Jaime Chavarriaga to second
|
Batting: SHB Roberto López
|
0-0: Ball 1-0: Fielders Choice at 2nd, 4-6 (Groundball, 4) Jaime Chavarriaga to third
|
Batting: LHB Alberto Torres
|
0-0: Ball 1-0: Ground out 4-3 (Groundball, 4M) Jaime Chavarriaga scores Roberto López to second
|
Batting: RHB Paul Campbell
|
0-0: Ball 1-0: Called Strike 1-1: Foul Ball, location: 2F 1-2: Foul Ball, location: 2F 1-2: Foul Ball, location: 2F 1-2: Ground out 6-3 (Groundball, 6)
|
Top of the 2nd over - 1 run(s), 1 hit(s), 0 error(s), 1 left on base; Phoenix 2 - Tremont 0 |
BOTTOM OF THE 2ND |
Tremont Doubledays batting - Pitching for Phoenix Hotspur Reserves : LHP José Granados
|
Batting: LHB Emílio Barbán
|
0-0: Ball 1-0: Swinging Strike 1-1: Ball 2-1: Ground out 6-3 (Groundball, 6)
|
Batting: LHB Félix López
|
0-0: Called Strike 0-1: Ball 1-1: Ball 2-1: Ball 3-1: Swinging Strike 3-2: Strikes out swinging
|
Batting: SHB Jim Unknown
|
0-0: Ball 1-0: Ball 2-0: Called Strike 2-1: Ball 3-1: Swinging Strike 3-2: Base on Balls
|
Batting: RHB Jim Unknown
|
0-0: Ball 1-0: Ball 2-0: Ball 3-0: Base on Balls Jim Unknown to second
|
Batting: LHB Jim Unknown
|
0-0: Ground out U3 (Groundball, 3L)
|
Bottom of the 2nd over - 0 run(s), 0 hit(s), 0 error(s), 2 left on base; Phoenix 2 - Tremont 0 |
TOP OF THE 3RD |
Phoenix Hotspur Reserves batting - Pitching for Tremont Doubledays : RHP Jim Unknown
|
Batting: LHB Dave Wynn
|
0-0: Ball 1-0: Called Strike 1-1: Foul Ball, location: 2F 1-2: Ground out 4-3 (Groundball, 4)
|
Batting: RHB José Bocanegra
|
0-0: Called Strike 0-1: Called Strike 0-2: Ball 1-2: Foul Ball, location: 2F 1-2: Ball 2-2: Strikes out looking
|
Batting: LHB Edgardo Téllez
|
0-0: Called Strike 0-1: Fly out, F8 (Flyball, 8LD)
|
Top of the 3rd over - 0 run(s), 0 hit(s), 0 error(s), 0 left on base; Phoenix 2 - Tremont 0 |
BOTTOM OF THE 3RD |
Tremont Doubledays batting - Pitching for Phoenix Hotspur Reserves : LHP José Granados
|
Batting: LHB Jim Unknown
|
0-0: Foul Ball, location: 2F 0-1: Called Strike 0-2: Ball 1-2: Foul Ball, location: 2F 1-2: Strikes out looking
|
Batting: LHB Scott Britt
|
0-0: Swinging Strike 0-1: Ball 1-1: Ball 2-1: Fly out, F3 (Popup, 3L)
|
Batting: RHB Jim Unknown
|
0-0: Ball 1-0: Ball 2-0: Called Strike 2-1: Fly out, F3 (Popup, 3SF)
|
Bottom of the 3rd over - 0 run(s), 0 hit(s), 0 error(s), 0 left on base; Phoenix 2 - Tremont 0 |
TOP OF THE 4TH |
Phoenix Hotspur Reserves batting - Pitching for Tremont Doubledays : RHP Jim Unknown
|
Batting: RHB Greg Griffin
|
0-0: Ball 1-0: Swinging Strike 1-1: Ground out 4-3 (Groundball, 4)
|
Batting: RHB Jaime Chavarriaga
|
0-0: Called Strike 0-1: Swinging Strike 0-2: Foul Ball, location: 2F 0-2: Strikes out swinging
|
Batting: SHB John Jenkins
|
0-0: Ball 1-0: Foul Ball, location: 2F 1-1: Ball 2-1: Ball 3-1: Foul Ball, location: 2F 3-2: Strikes out swinging
|
Top of the 4th over - 0 run(s), 0 hit(s), 0 error(s), 0 left on base; Phoenix 2 - Tremont 0 |
BOTTOM OF THE 4TH |
Tremont Doubledays batting - Pitching for Phoenix Hotspur Reserves : LHP José Granados
|
Batting: RHB Kazunori Ito
|
0-0: Called Strike 0-1: Ground out 5-3 (Groundball, 5S)
|
Batting: LHB Emílio Barbán
|
0-0: Called Strike 0-1: Ball 1-1: Ball 2-1: Foul Ball, location: 2F 2-2: Foul Ball, location: 2F 2-2: Foul Ball, location: 2F 2-2: SINGLE (Groundball, 15) (infield hit)
|
Batting: LHB Félix López
|
0-0: Ball 1-0: Called Strike 1-1: Ball 2-1: Foul Ball, location: 2F 2-2: Foul Ball, location: 2F 2-2: SINGLE (Line Drive, 6D) Emílio Barbán to second
|
Batting: SHB Jim Unknown
|
0-0: Ball 1-0: Swinging Strike 1-1: Foul Ball, location: 2F 1-2: Strikes out swinging
|
Batting: RHB Jim Unknown
|
0-0: Ball 1-0: SINGLE (Popup, 6MD) Emílio Barbán to third Félix López to second Runner from 3rd tries for Home, SAFE, no throw or cutoff
|
Batting: LHB Jim Unknown
|
0-0: Foul Ball, location: 2F 0-1: Swinging Strike 0-2: Ball 1-2: Ball 2-2: Ball 3-2: Base on Balls Félix López to third Jim Unknown to second
|
Batting: LHB Jim Unknown
|
0-0: Ball 1-0: Ball 2-0: Fly out, F8 (Line Drive, 8LXD)
|
Bottom of the 4th over - 1 run(s), 3 hit(s), 0 error(s), 3 left on base; Phoenix 2 - Tremont 1 |
TOP OF THE 5TH |
Phoenix Hotspur Reserves batting - Pitching for Tremont Doubledays : RHP Jim Unknown
|
Batting: SHB Roberto López
|
0-0: Ball 1-0: Foul Ball, location: 2F 1-1: Called Strike 1-2: Ball 2-2: Foul Ball, location: 2F 2-2: Strikes out swinging
|
Batting: LHB Alberto Torres
|
0-0: Ground out U3 (Groundball, 3)
|
Batting: RHB Paul Campbell
|
0-0: Ball 1-0: Fly out, F9 (Flyball, 89M)
|
Top of the 5th over - 0 run(s), 0 hit(s), 0 error(s), 0 left on base; Phoenix 2 - Tremont 1 |
BOTTOM OF THE 5TH |
Tremont Doubledays batting - Pitching for Phoenix Hotspur Reserves : LHP José Granados
|
Batting: LHB Scott Britt
|
0-0: Called Strike 0-1: Ball 1-1: Ball 2-1: Fly out, F5 (Popup, 25)
|
Batting: RHB Jim Unknown
|
0-0: Foul Ball, location: 2F 0-1: Ground out 5-3 (Groundball, 5L)
|
Batting: RHB Kazunori Ito
|
0-0: Called Strike 0-1: Foul Ball, location: 2F 0-2: Foul Ball, location: 2F 0-2: Fly out, F6 (Popup, 5L)
|
Bottom of the 5th over - 0 run(s), 0 hit(s), 0 error(s), 0 left on base; Phoenix 2 - Tremont 1 |
TOP OF THE 6TH |
Phoenix Hotspur Reserves batting - Pitching for Tremont Doubledays : RHP Jim Unknown
|
Batting: LHB Dave Wynn
|
0-0: Ball 1-0: Ball 2-0: DOUBLE (Flyball, 8RXD) - OUT at third base trying to stretch hit.
|
Batting: RHB José Bocanegra
|
0-0: Called Strike 0-1: Ball 1-1: Foul Ball, location: 2F 1-2: Foul Ball, location: 2F 1-2: Foul Ball, location: 2F 1-2: Foul Ball, location: 2F 1-2: Ball 2-2: Strikes out swinging
|
Batting: LHB Edgardo Téllez
|
0-0: Ball 1-0: Called Strike 1-1: Swinging Strike 1-2: DOUBLE (Line Drive, 9D)
|
Batting: RHB Greg Griffin
|
0-0: SINGLE (Line Drive, 78S) Edgardo Téllez to third Runner from 3rd tries for Home, SAFE, no throw or cutoff
|
Batting: RHB Jaime Chavarriaga
|
0-0: Ball 1-0: Ball 2-0: Ball 3-0: Called Strike 3-1: SINGLE (Flyball, 7LS) Greg Griffin to second
|
Batting: SHB John Jenkins
|
0-0: Called Strike 0-1: Ball 1-1: Fly out, F8 (Flyball, 8RM)
|
Top of the 6th over - 1 run(s), 4 hit(s), 0 error(s), 2 left on base; Phoenix 3 - Tremont 1 |
BOTTOM OF THE 6TH |
Tremont Doubledays batting - Pitching for Phoenix Hotspur Reserves : LHP José Granados
|
Batting: LHB Emílio Barbán
|
0-0: Foul Ball, location: 2F 0-1: Foul Ball, location: 2F 0-2: SINGLE (Groundball, 5D)
|
Batting: LHB Félix López
|
0-0: Called Strike 0-1: Grounds into double play, 1-6-3 (Groundball, 15)
|
Batting: SHB Jim Unknown
|
0-0: Ball 1-0: Called Strike 1-1: DOUBLE (Flyball, 9D)
|
Batting: RHB Jim Unknown
|
0-0: Ball 1-0: Ball 2-0: Ball 3-0: Base on Balls
|
Batting: LHB Jim Unknown
|
0-0: Foul Ball, location: 2F 0-1: Swinging Strike 0-2: Ball 1-2: Strikes out swinging
|
Bottom of the 6th over - 0 run(s), 2 hit(s), 0 error(s), 2 left on base; Phoenix 3 - Tremont 1 |
TOP OF THE 7TH |
Phoenix Hotspur Reserves batting - Pitching for Tremont Doubledays : RHP Jim Unknown
|
Batting: SHB Roberto López
|
0-0: Ball 1-0: Ball 2-0: Ball 3-0: Base on Balls
|
Pitching: RHP Jim Unknown
|
|
Batting: LHB Alberto Torres
|
0-0: Ball 1-0: Sac Bunt - play at first, batter OUT! 1-4 Roberto López to second
|
Batting: RHB Paul Campbell
|
0-0: Ball 1-0: Foul Ball, location: 2F 1-1: Foul Ball, location: 2F 1-2: Strikes out looking
|
Batting: LHB Dave Wynn
|
0-0: Ball 1-0: Swinging Strike 1-1: Ball 2-1: Ball 3-1: Foul Ball, location: 2F 3-2: Foul Ball, location: 2F 3-2: DOUBLE (Flyball, 89D) Roberto López scores
|
Batting: RHB José Bocanegra
|
0-0: Ball 1-0: Called Strike 1-1: Ball 2-1: Called Strike 2-2: Strikes out swinging
|
Top of the 7th over - 1 run(s), 1 hit(s), 0 error(s), 1 left on base; Phoenix 4 - Tremont 1 |
BOTTOM OF THE 7TH |
Tremont Doubledays batting - Pitching for Phoenix Hotspur Reserves : LHP José Granados
|
Batting: LHB Jim Unknown
|
0-0: Called Strike 0-1: Ball 1-1: Ball 2-1: SINGLE (Line Drive, 4MD)
|
Batting: LHB Scott Britt
|
0-0: Called Strike 0-1: Swinging Strike 0-2: Ball 1-2: Ball 2-2: Ball Wild Pitch! Jim Unknown to second 3-2: Ground out 4-3 (Groundball, 34) Jim Unknown to third
|
Batting: RHB Jim Unknown
|
0-0: Ball 1-0: Ball Wild Pitch! Jim Unknown scores 2-0: Called Strike 2-1: DOUBLE (Groundball, 5L)
|
Batting: RHB Kazunori Ito
|
0-0: Ball 1-0: Swinging Strike 1-1: Foul Ball, location: 2F 1-2: Ball 2-2: Foul Ball, location: 2F 2-2: SINGLE (Groundball, 13) (infield hit) Jim Unknown to third
|
Pitching: LHP Ángelo Méndez
|
|
Batting: LHB Emílio Barbán
|
0-0: Called Strike 0-1: Ball 1-1: Swinging Strike 1-2: Strikes out swinging
|
Pinch Hitting: RHB Jim Unknown
|
0-0: Ball 1-0: Ball 2-0: Called Strike 2-1: Foul Ball, location: 2F 2-2: Strikes out swinging
|
Bottom of the 7th over - 1 run(s), 3 hit(s), 0 error(s), 2 left on base; Phoenix 4 - Tremont 2 |
TOP OF THE 8TH |
Phoenix Hotspur Reserves batting - Pitching for Tremont Doubledays : RHP Jim Unknown
|
Now at SS: Jim Unknown
|
|
Batting: LHB Edgardo Téllez
|
0-0: Ball 1-0: Ground out 4-3 (Groundball, 4M)
|
Batting: RHB Greg Griffin
|
0-0: Ball 1-0: Swinging Strike 1-1: Called Strike 1-2: Fly out, F8 (Flyball, 8RD)
|
Batting: RHB Jaime Chavarriaga
|
0-0: Called Strike 0-1: Called Strike 0-2: Foul Ball, location: 2F 0-2: Foul Ball, location: 2F 0-2: Ball 1-2: Strikes out looking
|
Top of the 8th over - 0 run(s), 0 hit(s), 0 error(s), 0 left on base; Phoenix 4 - Tremont 2 |
BOTTOM OF THE 8TH |
Tremont Doubledays batting - Pitching for Phoenix Hotspur Reserves : LHP Ángelo Méndez
|
Batting: SHB Jim Unknown
|
0-0: Ground out 1-3 (Groundball, 13S)
|
Batting: RHB Jim Unknown
|
0-0: Ball 1-0: Swinging Strike 1-1: SINGLE (Line Drive, 7LS)
|
Pitching: RHP Craig Gasnier
|
|
Batting: LHB Jim Unknown
|
0-0: Called Strike 0-1: Ball 1-1: Swinging Strike 1-2: Foul Ball, location: 2F 1-2: Strikes out swinging
|
Batting: LHB Jim Unknown
|
0-0: Ball 1-0: Fly out, F6 (Popup, 6MD)
|
Bottom of the 8th over - 0 run(s), 1 hit(s), 0 error(s), 1 left on base; Phoenix 4 - Tremont 2 |
TOP OF THE 9TH |
Phoenix Hotspur Reserves batting - Pitching for Tremont Doubledays : RHP Jim Unknown
|
Pitching: RHP Jim Unknown
|
|
Batting: SHB John Jenkins
|
0-0: Called Strike 0-1: Swinging Strike 0-2: Foul Ball, location: 2F 0-2: Ground out 4-3 (Groundball, 4)
|
Batting: SHB Roberto López
|
0-0: Ball 1-0: Foul Ball, location: 2F 1-1: Swinging Strike 1-2: Ball 2-2: Fly out, F5 (Popup, 5F)
|
Batting: LHB Alberto Torres
|
0-0: Called Strike 0-1: Foul Ball, location: 2F 0-2: Strikes out looking
|
Top of the 9th over - 0 run(s), 0 hit(s), 0 error(s), 0 left on base; Phoenix 4 - Tremont 2 |
BOTTOM OF THE 9TH |
Tremont Doubledays batting - Pitching for Phoenix Hotspur Reserves : RHP Craig Gasnier
|
Pitching: RHP Rewa Malaki
|
|
Batting: LHB Scott Britt
|
0-0: Ball 1-0: Called Strike 1-1: DOUBLE (Groundball, 3L)
|
Pinch Hitting: LHB Jim Unknown
|
0-0: Ground out 1-3 (Groundball, 13S) Scott Britt to third
|
Batting: RHB Kazunori Ito
|
0-0: Ball 1-0: Ball 2-0: Called Strike 2-1: Called Strike 2-2: Foul Ball, location: 2F 2-2: Fly out, F8 (Popup, 4MD)
|
Batting: LHB Emílio Barbán
|
0-0: Called Strike 0-1: Ball 1-1: Hit by Pitch
|
Batting: RHB Jim Unknown
|
0-0: Swinging Strike 0-1: Fly out, F8 (Flyball, 8RM)
|
Bottom of the 9th over - 0 run(s), 1 hit(s), 0 error(s), 2 left on base; Phoenix 4 - Tremont 2 |
|